 Dungeon Crawl Stone Soup version 0.21.0-24-g2553a33 (webtiles) character file.

95 Monsterracer the Slasher (level 4, 3/35 HPs)
             Began as a Barachi Warper on Jan 21, 2018.
             Quit the game on level 3 of the Dungeon.
             The game lasted 00:02:50 (2724 turns).

Monsterracer the Slasher (Barachi Warper)           Turns: 2724, Time: 00:02:51

Health: 3/35       AC:  5    Str: 13    XL:     4   Next: 65%
Magic:  7/7        EV: 11    Int: 13    God:
Gold:   43         SH:  0    Dex: 12    Spells: 2/7 levels left

rFire    . . .     SeeInvis .   a - +0 falchion
rCold    . . .     Gourm    +   (no shield)
rNeg     . . .     Faith    .   l - +0 ring mail
rPois    .         Spirit   .   (no helmet)
rElec    .         Reflect  .   (no cloak)
rCorr    .         Harm     .   (no gloves)
MR       .....                  (no boots)
Stlth    +.........             r - amulet of the gourmand
HPRegen  0.11/turn              (no ring)
MPRegen  0.10/turn              (no ring)

@: lethally poisoned (3 -> -1), can't hop, very slightly contaminated, slow
A: +LOS, swims, slowness 1, strong legs 1
a: Hop


You were on level 3 of the Dungeon.
You were not hungry.

You visited 1 branch of the dungeon, and saw 3 of its levels.

You collected 43 gold pieces.

Inventory:

Hand Weapons
 a - a +0 falchion (weapon)
Missiles
 e - 5 tomahawks of dispersal (quivered)
Armour
 l - a +0 ring mail (worn)
 q - a cursed +0 chain mail
Jewellery
 r - an amulet of the gourmand (around neck)
Scrolls
 b - a scroll of enchant armour {unknown}
 d - 3 scrolls of blinking
 g - 3 scrolls of remove curse {unknown}
 h - a scroll of fog {unknown}
 i - 2 scrolls of identify {unknown}
 j - a scroll of amnesia {unknown}
 k - a scroll of teleportation {unknown}
 m - a scroll of magic mapping {unknown}
 p - a scroll of random uselessness {unknown}
Books
 f - a book of Spatial Translocations

   Spells                             Type                      Level
   a - Blink                          Translocation                2
   b - Shroud of Golubria             Charms/Translocation         2
   c - Lesser Beckoning               Translocation                3
   d - Gell's Gravitas                Translocation                3
   e - Teleport Other                 Translocation                3
   f - Passage of Golubria            Translocation                4
Comestibles
 c - 2 rations


   Skills:
 + Level 3.0 Fighting
 * Level 4.7 Long Blades
 - Level 1.0 Throwing
 + Level 2.0 Armour
 + Level 2.7 Dodging
 - Level 2.1 Spellcasting
 - Level 3.2 Translocations


You had 2 spell levels left.
You knew the following spells:

 Your Spells              Type           Power        Failure   Level  Hunger
a - Lesser Beckoning      Tloc           #.........   38%         3    ####...
e - Blink                 Tloc           N/A          21%         2    ###....


Dungeon Overview and Level Annotations

Branches:
Dungeon (3/15)

Altars:
Kikubaaqudgha
Yredelemnul

Annotations:
D:3 2 transporters, Menkaure


Innate Abilities, Weirdness & Mutations

Shadows flee at your approach. (+LOS)
You can swim through water.
You cover ground slowly.
You can hop short distances.


Message History

The orc is heavily wounded.
You feel sick. The orc hits you with a war axe.
The kobold shoots a poisoned needle.
The poisoned needle hits you!
You are more poisoned.
You take 3 damage, and have 29/35 hp.
You closely miss the orc.
The orc is heavily wounded.
You feel sick.
The kobold shoots a poisoned needle.
The poisoned needle hits you!
You are more poisoned.
The orc barely misses you.
You riposte.
You barely miss the orc.
The orc is heavily wounded.
You closely miss the orc.
The orc is heavily wounded.
You feel sick.
The kobold shoots a poisoned needle.
The poisoned needle hits you!
You are lethally poisoned!
The orc barely misses you.
You take 2 damage, and have 27/35 hp.
You feel sick. The kobold hits you but does no damage.
You take 2 damage, and have 25/35 hp.
You hit the kobold.
You kill the kobold!
You feel sick. The orc barely misses you.
You riposte.
You hit the orc.
The orc is almost dead.
You take 2 damage, and have 23/35 hp.
You feel very sick.
Items here: ( )) † a blowgun; an uncursed dagger; 6 poisoned needles; a kobold corpse You take 3 damage, and have 20/35 hp.
You closely miss the orc.
The orc is almost dead.
You feel sick.
The orc drinks a potion.
The orc is healed!
You take 2 damage, and have 18/35 hp.
You hit the orc.
The orc is heavily wounded.
* * * LOW HITPOINT WARNING * * *
You feel sick. The orc closely misses you.
You take 1 damage, and have 17/35 hp.
You closely miss the orc.
The orc is moderately wounded.
* * * LOW HITPOINT WARNING * * *
You feel sick. The orc barely misses you.
You riposte.
You slash the orc!
You kill the orc!
You take 2 damage, and have 15/35 hp.
* * * LOW HITPOINT WARNING * * *
You feel sick.
Things that are here:
a war axe; 17 gold pieces It was a potion of invisibility.
You fade into invisibility!
* * * LOW HITPOINT WARNING * * *
You feel sick.
You are very lightly contaminated with residual magic.
You take 2 damage, and have 13/35 hp.
Hop to where?
Press: ? - help, Dir - move target cursor Boing!
* * * LOW HITPOINT WARNING * * *
You feel sick.
You take 1 damage, and have 12/35 hp.
* * * LOW HITPOINT WARNING * * *
You feel sick.
You take 1 damage, and have 11/35 hp.
Unknown command.
* * * LOW HITPOINT WARNING * * *
You feel sick.
Found 3 scrolls of blinking.
You take 1 damage, and have 10/35 hp.
A rat comes into view.
* * * LOW HITPOINT WARNING * * *
You feel sick.
Found 11 gold pieces.
You take 2 damage, and have 8/35 hp.
* * * LOW HITPOINT WARNING * * *
You feel sick.
You take 1 damage, and have 7/35 hp.
* * * LOW HITPOINT WARNING * * *
You feel sick.
You take 1 damage, and have 6/35 hp.
Unknown command.
* * * LOW HITPOINT WARNING * * *
You feel sick. The rat misses you.
You take 1 damage, and have 6/35 hp.
* * * LOW HITPOINT WARNING * * *
You feel sick.
You see here 3 scrolls of blinking.
You take 1 damage, and have 5/35 hp.
You flicker for a moment.
* * * LOW HITPOINT WARNING * * *
You feel sick. The rat closely misses you.
You take 1 damage, and have 4/35 hp.
* * * LOW HITPOINT WARNING * * *
You feel sick.
You take 1 damage, and have 3/35 hp.
Found a stone staircase leading down.
Unknown command.
You flicker back into view.
* * * LOW HITPOINT WARNING * * *
You feel sick.
You take 1 damage, and have 2/35 hp.
Are you sure you want to abandon this character and quit the game? (Confirm with "yes".)

.. .. .. >. ... .# ..# .#
..# ## .##..# .# ##.#...#
# .# #.....##. ..
#@.##... #.##r.#..# <. #
#.#...#..# ####.....#
##....$...#
.[........##.........#
.##..........##......# .#
......#......?....#
.###.....#...........#
.........#....#..#...####


You could see a rat.

Vanquished Creatures
  4 adders (D:2)
  An ooze (D:1)
  8 orcs (D:3)
  A giant cockroach (D:1)
  7 goblins
  8 hobgoblins
  A jackal (D:2)
  A quokka (D:2)
  5 bats
  2 kobolds
  7 rats
45 creatures vanquished.

Notes
Turn   | Place    | Note
-------+----------+-------------------------------------------
     0 | D:1      | Monsterracer the Barachi Warper began the quest for the Orb.
     0 | D:1      | Reached XP level 1. HP: 17/17 MP: 3/3
   145 | D:1      | Reached skill level 3 in Long Blades
   147 | D:1      | Reached XP level 2. HP: 13/23 MP: 5/5
   148 | D:1      | HP: 11/23 [hobgoblin/club (3)]
   521 | D:1      | Reached skill level 4 in Long Blades
   901 | D:2      | Reached XP level 3. HP: 20/28 MP: 6/6
  1392 | D:2      | Learned a level 2 spell: Blink
  1399 | D:2      | Learned a level 3 spell: Lesser Beckoning
  1505 | D:2      | Reached XP level 4. HP: 24/34 MP: 7/7
  1704 | D:2      | HP: 17/34 [adder (2)]
  1709 | D:2      | HP: 11/34 [poisoned by an adder]
  1710 | D:2      | HP: 5/34 [poisoned by an adder]
  1712 | D:2      | HP: 2/51 [poisoned by an adder]
  2313 | D:3      | Found a transporter.
  2630 | D:3      | Found a basalt altar of Yredelemnul.
  2632 | D:3      | Noticed Menkaure
  2635 | D:3      | Found an ancient bone altar of Kikubaaqudgha.
  2638 | D:3      | Found a transporter.
  2705 | D:3      | HP: 17/35 [poisoned by a kobold]
  2710 | D:3      | HP: 11/35 [poisoned by a kobold]
  2716 | D:3      | HP: 6/35 [poisoned by a kobold]
  2722 | D:3      | HP: 2/35 [poisoned by a kobold]
  2724 | D:3      | Quit the game

Skill      XL: |  1  2  3  4 |
---------------+-------------+-----
Long Blades    | 3 4 |  4.7
Fighting       | 3 |  3.0
Armour         | 2 |  2.0
Throwing       | |  1.0
Dodging        | |  2.7
Spellcasting   | |  2.1
Translocations | |  3.2

Action                   |  1- 3 |  4- 6 || total
-------------------------+-------+-------++-------
Melee: Falchion          |    97 |    65 ||   162
 Abil: Hop               |       |     1 ||     1
  Use: Potion            |       |     3 ||     3
  Eat: Chunk             |     2 |     5 ||     7
Armor: Leather armour    |    18 |       ||    18
       Ring mail         |    36 |     7 ||    43
       Skin              |       |    10 ||    10
Dodge: Dodged            |    66 |    40 ||   106
       Rpst.: Falchion   |    22 |    18 ||    40

Vault maps used:
D:1:      dpeg_arrival_refuge, minmay_heptomino_o4
D:2:      kennysheep_big_flooded_room
D:3:      gammafunk_temple_of_torment, first_ration, corexii_hall_statues_l,
          minivault_19, nicolae_ashenzari_panopticon
